Map: Acid Plant LE

Players

TYTY (TY)

  • Race: Terran Terran
  • Spawn Location: 11:00

Rogue - Winner!

  • Race: Zerg Zerg
  • Spawn Location: 5:00

Event: 2018 WCS Global Finals

VOD

Have the link to the VOD?

Description

Time

  • Played on: Nov. 2, 2018, 7:20 p.m.
  • Length: 14:14

All games in this series

Show
View Real Time Build Order
Export as new Build Order

TYTY Terran 

Build Orders:  

Get SALT Encoding   

  12  0:00  SCV  
  13  0:12  SCV  
  14  0:17  Supply Depot  
  14  0:24  SCV  
  15  0:39  Barracks  
  15  0:51  Barracks  
  15  0:54  SCV  
  16  1:06  SCV  
  17  1:18  SCV  
  18  1:19  Refinery  
  18  1:25  Marine  
  18  1:30  Orbital Command  
  19  1:33  Supply Depot  
  19  1:37  Marine  
  20  1:43  Marine  
  21  1:53  Bunker  
  21  1:55  Marine  
  23  2:04  Marine  
  23  2:08  Bunker  
  23  2:09  SCV  
  23  2:13  Marine  
  25  2:21  SCV  
  26  2:28  Marine  
  27  2:30  Factory  
  27  2:33  SCV  
  27  2:35  Marine  
  29  2:42  Supply Depot  
  29  2:45  SCV  
  31  2:57  SCV  
  31  3:12  SCV  
  32  3:16  Factory Tech Lab  
  32  3:17  Starport  
  32  3:25  Factory Reactor  
  32  3:28  SCV, Bunker  
  32  3:31  Command Center  
  33  3:40  SCV  
  31  3:41  Refinery  
  28  3:52  SCV  
  28  3:53  Starport Tech Lab  
  29  4:02  Hellion x2  
  33  4:03  Marine, Barracks Tech Lab  
  33  4:04  SCV  
  35  4:12  Medivac  
  35  4:14  Supply Depot  
  38  4:24  Hellion  
  39  4:29  Stimpack  
  39  4:37  Marine, Barracks  
  40  4:45  Orbital Command  
  40  4:50  SCV  
  41  4:55  Marine  
  41  4:56  Starport Reactor  
  42  5:01  Siege Tank  
  42  5:02  Marine x2  
  42  5:03  SCV  
  48  5:10  Orbital Command  
  48  5:13  Marine  
  49  5:15  SCV  
  49  5:19  Marine  
  49  5:20  Marine  
  52  5:28  SCV  
  51  5:34  Siege Tank  
  55  5:37  Marine  
  55  5:40  SCV  
  55  5:41  Marine x3  
  60  5:46  Supply Depot  
  60  5:47  Starport Reactor  
  60  5:53  Marine  
  60  5:55  Engineering Bay  
  60  5:56  SCV x2  
  62  6:06  Refinery  
  62  6:08  Marine x3, Siege Tank  
  68  6:11  Marine  
  68  6:12  Marine  
  70  6:24  Terran Infantry Weapons Level 1, Supply Depot  
  70  6:32  Combat Shield  
  70  6:37  Supply Depot  
  70  6:38  Supply Depot  
  70  6:45  Marine x4  
  70  6:46  Medivac  
  76  6:49  Supply Depot, SCV  
  76  6:50  SCV  
  78  6:58  Marine, Medivac  
  81  7:02  SCV x2  
  81  7:03  Marine x3  
  81  7:08  Marine, Supply Depot  
  87  7:13  Siege Tank  
  87  7:14  SCV  
  91  7:16  Marine, SCV  
  91  7:21  Marine  
  94  7:25  Marine x2  
  94  7:26  SCV  
  94  7:27  Medivac  
  99  7:34  Supply Depot  
  99  7:35  Marine x2  
  101  7:44  Marine  
  101  7:48  Medivac  
  101  7:50  Marine x2  
  101  7:51  SCV x2  
  104  7:56  Marine x2  
  106  7:59  Siege Tank  
  106  8:03  Marine  
  111  8:09  Marine x2  
  110  8:14  Marine x2  
  108  8:26  Marine  
  88  8:34  Marine x2  
  71  8:43  Marine, Siege Tank  
  71  8:44  SCV  
  57  8:49  SCV  
  57  8:54  Marine  
  54  8:56  Marauder, Marine  
  54  9:00  SCV  
  58  9:02  Marine  
  58  9:03  Marine  
  58  9:06  SCV  
  61  9:11  Unknown  
  61  9:13  Marine  
  61  9:14  Marine  
  63  9:17  Siege Tank  
  63  9:23  Marine x2  
  68  9:28  SCV x2  
  70  9:34  Marine x2  
  70  9:37  Marine  
  72  9:40  SCV  
  72  9:41  Marine  
  75  9:47  Marine  
  75  9:51  Marine  
  76  9:53  Siege Tank  
  76  9:54  Marine  
  76  9:55  Unknown  
  76  9:56  Marauder  
  76  9:57  Terran Infantry Armor Level 1  
  76  9:59  Marine  
  83  10:00  SCV x2  
  83  10:03  Liberator  
  83  10:06  Marine  
  80  10:09  Marine  
  80  10:12  Marine  
  84  10:18  Marine  
  84  10:19  Marauder  
  90  10:26  Marine, Siege Tank  
  90  10:27  Marine  
  92  10:29  SCV  
  92  10:31  SCV  
  92  10:32  Marine  
  95  10:36  Marine  
  96  10:44  Marine x2  
  100  10:53  Marine x2  
  100  10:57  Medivac  
  100  10:58  Marine  
  100  11:00  Siege Tank  
  100  11:02  SCV  
  107  11:05  Medivac  
  107  11:08  Marine x2  
  112  11:17  Marine x2  
  113  11:18  SCV  
  113  11:19  Command Center  
  114  11:30  Marauder, Marine x2  
  110  11:38  Armory  
  109  11:41  SCV x2  
  109  11:45  Siege Tank  
  111  11:53  Engineering Bay  
  111  11:55  Marine x3  
  111  11:59  Marauder  
  111  12:00  SCV  
  115  12:03  Unknown x2  
  114  12:08  SCV  
  114  12:10  Marine  
  114  12:13  Marine, SCV  
  118  12:26  Marine  
  118  12:30  Marine x3  
  118  12:31  Marine  
  118  12:34  Orbital Command  
  107  12:48  Refinery  
  107  12:49  SCV  
  112  12:52  Barracks  
  112  12:54  Barracks  
  112  12:58  Marine x3  
  109  13:01  Missile Turret  
  109  13:06  Medivac  
  109  13:08  Orbital Command  
  109  13:09  Marine  
  109  13:10  Missile Turret  
  112  13:13  Medivac  
  112  13:15  SCV x2  
  112  13:17  Unknown  
  116  13:24  Siege Tank  
  116  13:25  Unknown  
  116  13:26  Marauder, Marine x2  
  123  13:31  SCV x2  
  125  13:35  Refinery  
  125  13:44  Engineering Bay  
  125  13:52  Supply Depot x2  
  123  13:56  Engineering Bay  
Show
View Real Time Build Order
Export as new Build Order

Rogue Zerg - Winner!

Build Orders: Hatch First 

Get SALT Encoding   

  12  0:00  Drone  
  13  0:13  Overlord  
  13  0:17  Drone  
  14  0:31  Drone x2  
  16  0:48  Hatchery  
  15  0:51  Drone  
  15  0:55  Drone  
  17  0:58  Drone  
  18  1:09  Extractor  
  17  1:13  Spawning Pool  
  17  1:17  Drone  
  17  1:20  Drone  
  18  1:29  Drone  
  19  1:40  Drone  
  19  1:46  Hatchery  
  19  1:50  Drone  
  20  2:01  Zergling x4  
  20  2:06  Queen  
  24  2:13  Metabolic Boost  
  24  2:18  Zergling x2, Extractor  
  24  2:24  Zergling x4  
  24  2:28  Overlord  
  27  2:33  Zergling x2  
  28  2:38  Overlord  
  28  2:52  Zergling x4  
  28  2:55  Zergling x4  
  32  2:59  Queen  
  32  3:01  Zergling x2  
  35  3:07  Drone  
  35  3:11  Drone  
  36  3:21  Drone x5  
  40  3:31  Overlord  
  40  3:32  Drone  
  38  3:41  Drone  
  38  3:46  Drone  
  38  3:48  Queen  
  42  3:49  Drone  
  42  3:50  Drone  
  42  3:52  Drone  
  42  3:53  Drone  
  46  4:03  Drone  
  46  4:05  Overlord  
  46  4:14  Drone  
  47  4:20  Hatchery  
  47  4:22  Drone  
  47  4:23  Drone x4  
  51  4:28  Queen  
  53  4:31  Drone x2  
  53  4:33  Drone  
  53  4:36  Overlord  
  56  4:43  Queen  
  58  4:45  Drone  
  58  4:52  Roach Warren  
  58  4:53  Extractor  
  58  4:54  Extractor  
  58  4:55  Drone x4  
  60  5:00  Drone x3  
  60  5:03  Overlord  
  63  5:07  Overlord  
  63  5:11  Zergling x2  
  64  5:14  Zergling x2  
  64  5:15  Zergling x4  
  67  5:22  Lair  
  59  5:29  Drone x2  
  59  5:34  Drone x3  
  63  5:39  Drone  
  64  5:43  Drone x3  
  64  5:44  Drone x2  
  69  5:54  Roach x2  
  73  5:58  Roach x4  
  73  6:03  Overlord  
  81  6:08  Overlord  
  81  6:10  Evolution Chamber, Extractor  
  81  6:11  Evolution Chamber, Drone x2  
  78  6:12  Drone x2, Spore Crawler  
  78  6:14  Drone  
  82  6:19  Drone x3  
  82  6:25  Overlord  
  85  6:26  Drone  
  85  6:28  Drone  
  85  6:29  Drone x2  
  89  6:34  Extractor  
  89  6:35  Glial Reconstitution  
  89  6:37  Zerg Ground Armor Level 1, Zerg Missile Weapons Level 1  
  89  6:39  Drone  
  89  6:43  Drone x3  
  89  6:45  Roach  
  94  6:47  Roach  
  94  6:48  Roach  
  94  6:52  Roach x2  
  102  6:55  Roach  
  102  6:56  Roach  
  102  6:57  Overlord  
  105  7:05  Roach  
  105  7:06  Roach x3  
  105  7:07  Overlord  
  113  7:14  Overlord x3  
  113  7:19  Roach  
  113  7:20  Roach  
  117  7:26  Roach, Overseer, Spore Crawler  
  117  7:27  Roach x3  
  124  7:32  Overlord  
  124  7:33  Roach  
  124  7:35  Ravager x3  
  124  7:36  Ravager  
  130  7:43  Roach  
  130  7:44  Roach x4  
  140  7:46  Roach  
  140  7:49  Roach x2  
  146  7:52  Overlord  
  146  7:56  Roach x2  
  146  7:58  Ravager  
  151  8:05  Roach x3  
  157  8:06  Overlord x2  
  157  8:07  Roach  
  159  8:16  Roach x2  
  159  8:18  Roach x3  
  168  8:26  Ravager  
  147  8:27  Ravager  
  147  8:28  Roach x2, Zergling x10  
  147  8:31  Zergling x2  
  150  8:36  Zergling x4  
  118  8:47  Roach x3  
  113  8:57  Ravager  
  113  8:58  Ravager, Extractor  
  114  9:09  Hatchery  
  112  9:14  Roach  
  112  9:15  Roach x5  
  124  9:32  Roach x3  
  124  9:36  Overlord  
  124  9:37  Extractor  
  123  9:41  Extractor  
  123  9:42  Zergling x2  
  123  9:45  Zergling x2  
  123  9:51  Zerg Missile Weapons Level 2  
  124  9:54  Drone x3  
  124  9:57  Drone  
  127  10:02  Zerg Ground Armor Level 2  
  121  10:11  Roach Warren  
  120  10:38  Spore Crawler  
  118  10:51  Roach x17  
  152  10:58  Ravager x5  
  152  11:00  Roach  
  152  11:01  Zergling x6  
  152  11:02  Zergling x2  
  163  11:08  Roach x2  
  167  11:13  Roach  
  167  11:14  Roach x3  
  167  11:16  Ravager  
  176  11:21  Roach, Ravager  
  176  11:22  Roach, Zergling x2  
  176  11:23  Zergling x4  
  184  11:26  Zergling x4  
  184  11:31  Roach x2  
  184  11:34  Overlord  
  184  11:36  Overlord, Ravager  
  185  11:44  Overlord  
  185  11:58  Roach x7  
  199  12:10  Zerg Melee Weapons Level 1  
  199  12:12  Hatchery  
  199  12:13  Ravager, Burrow, Tunneling Claws  
  198  12:25  Roach  
  179  12:34  Roach  
  179  12:35  Roach x2  
  179  12:36  Roach x5  
  194  12:43  Queen  
  190  12:55  Drone x4  
  194  12:58  Overseer  
  194  12:59  Overseer x2  
  194  13:21  Ravager x3  
  194  13:22  Ravager x3  
  194  13:24  Hatchery  
  197  13:29  Ravager x2  
  197  13:56  Zergling x2  
Tags
 
Add a new tag
Caveats
  • Supply blocks, unpowered buildings, or Contaminate may cause inaccurate times.
  • Supply counts are checked every 10 seconds.